 Dungeon Crawl Stone Soup version 0.28.0-47-ge53b351184 (webtiles) character file.

Game seed: 11729043322413384747

42 GigaChad the Digger (level 3, -4/26 HPs)
             Began as a Draconian Earth Elementalist on Apr 26, 2022.
             Was a Follower of Vehumet.
             Splashed by a jelly's acid (8 damage)
             ... on level 4 of the Dungeon.
             The game lasted 00:05:48 (1336 turns).

GigaChad the Digger (Draconian Earth Elementalist)  Turns: 1336, Time: 00:05:49

Health: -4/26      AC:  7    Str: 10    XL:     3   Next: 35%
Magic:  5/6        EV: 12    Int: 15    God:    Vehumet [*.....]
Gold:   24         SH:  0    Dex: 13    Spells: 6/7 levels left

rFire   . . .      SeeInvis .   f - +0 rapier
rCold   . . .      Faith    .   (no shield)
rNeg    . . .      Spirit   .   (armour unavailable)
rPois   .          Reflect  .   (helmet restricted)
rElec   .          Harm     .   h - +1 cloak
rCorr   .          Rampage  .   (no gloves)
Will    .....                   (no boots)
Stlth   ++........              (no amulet)
HPRegen 0.08/turn               (no ring)
MPRegen 0.10/turn               (no ring)

@: no status effects
A: AC +5, unfitting armour, cold-blooded
a: Renounce Religion


You were on level 4 of the Dungeon.
You worshipped Vehumet.
Vehumet was aware of your devotion.
You visited 1 branch of the dungeon, and saw 3 of its levels.

You collected 24 gold pieces.

Inventory:

Hand Weapons
 f - a +0 rapier (weapon)
 j - a +1 dagger of flaming
Missiles
 b - 33 stones
 c - 5 javelins
Armour
 h - a +1 cloak (worn)
Magical Staves
 d - a staff of conjuration
Jewellery
 i - a +4 ring of protection
Scrolls
 a - 3 scrolls of torment
Potions
 e - a potion of attraction {unknown}
 g - a potion of invisibility {unknown}


   Skills:
 + Level 0.1 Fighting
 + Level 1.8 Dodging
 + Level 2.1 Stealth
 + Level 2.6 Spellcasting
 + Level 1.0 Transmutations
 + Level 3.6 Earth Magic


You had 6 spell levels left.
You knew the following spells:

 Your Spells              Type           Power      Damage    Failure   Level
a - Sandblast             Erth           26%        2d8       4%          1

Your spell library contained the following spells:

 Spells                   Type           Power      Damage    Failure   Level
 Shock                    Conj/Air       4%         1d3       22%         1
 Passwall                 Tmut/Erth      7%         N/A       12%         2
 Stone Arrow              Conj/Erth      14%        3d7       28%         3
 Petrify                  Tmut/Erth      9%         N/A       61%         4


Dungeon Overview and Level Annotations

Branches:
Dungeon (2/15)

Altars:
Vehumet

Portals:
Ossuary: D:4


Innate Abilities, Weirdness & Mutations

Your plain brown scales are hard. (AC +5)
You cannot fit into any form of body armour.
You are cold-blooded and may be slowed by cold attacks.


Message History

The jackal closely misses you. The jelly hits you but does no damage.
The kobold hits you but does no damage. The hound skeleton closely misses you.
You hit the kobold but do no damage.
The kobold is moderately wounded.
The jackal bites you.
The hound skeleton bites you but does no damage.
The jelly misses you. The kobold barely misses you.
The jackal bites you but does no damage.
You barely miss the kobold.
The kobold is moderately wounded.
The hound skeleton bites you. The jackal bites you.
The jelly hits you but does no damage. The kobold hits you but does no damage.
The hound skeleton bites you but does no damage.
The jackal barely misses you.
You barely miss the kobold.
The kobold is moderately wounded.
The jelly barely misses you.
The hound skeleton bites you but does no damage.
The kobold barely misses you. The jackal barely misses you.
The jelly hits you but does no damage.
You closely miss the kobold.
The kobold is moderately wounded.
The jackal misses you. The hound skeleton bites you.
The kobold hits you with a +0 dagger. The jackal closely misses you.
The hound skeleton closely misses you. The jelly closely misses you.
The kobold hits you with a +0 dagger.
* * * LOW HITPOINT WARNING * * *
You hit the hound skeleton.
The hound skeleton is moderately damaged.
The jackal barely misses you. The hound skeleton barely misses you.
The jelly completely misses you. The kobold barely misses you.
The jackal bites you but does no damage.
You puncture the hound skeleton! You tail-slap the hound skeleton.
The hound skeleton is almost destroyed.
The hound skeleton bites you but does no damage.
The jackal bites you but does no damage.
The jelly hits you.
* * * LOW HITPOINT WARNING * * *
You are splashed with acid!
You die...

. ##....#....
....#.............##....
.................< .##.
.......$.....###. .. . h
............. .. .. ..
##..........# ## ###
#.#..........#
#...#........#
##.....h@K....#
....∩...ZJ....#
#....#....#...# #...
####.....# ### ...#.#
.#.# .... # ... ..


You could see a jelly, a jackal, a kobold and a hound skeleton.

Vanquished Creatures
  An adder (D:2)
  4 ball pythons
  3 endoplasms
  4 hobgoblins
  A kobold (D:1)
  3 quokkas
  4 bats (D:1)
  A frilled lizard (D:1)
  5 goblins
  A kobold zombie (D:4)
  3 rats (D:1)
30 creatures vanquished.

Notes
Turn   | Place    | Note
-------+----------+-------------------------------------------
     0 | D:1      | GigaChad the Draconian Earth Elementalist began the quest
                  | for the Orb.
     0 | D:1      | Reached XP level 1. HP: 14/14 MP: 3/3
   325 | D:1      | Reached XP level 2. HP: 20/20 MP: 3/5
  1145 | D:2      | Found a faded altar of an unknown god.
  1156 | D:2      | Prayed at the altar of an unknown god.
  1156 | D:2      | Became a worshipper of Vehumet
  1156 | D:2      | Reached * piety under Vehumet
  1156 | D:2      | Offered knowledge of Shock by Vehumet.
  1197 | D:2      | Reached XP level 3. HP: 16/26 MP: 6/6
  1304 | D:2      | You fall into a shaft and drop 2 floors!
  1315 | D:4      | Noticed a necrophage
  1323 | D:4      | Found a sand-covered staircase.
  1336 | D:4      | Splashed by a jelly's acid

Illustrated notes

Levels and vault maps discovered:
D:1:      dpeg_arrival_simpleton_b, layout_loops_corners,
          amcnicky_mini_pool_small
D:2:      layout_loops_ring, dreamdust_ecumenical_altar_statues,
          uniq_crazy_yiuf_cottage
D:4:      kennysheep_kobold_camp, layout_rooms,
          gammafunk_temple_overflow_statue, enter_ossuary_3

Skill      XL: |  1  2 |
---------------+-------+-----
Stealth        | 2 |  2.1
Fighting       | |  0.1
Dodging        | |  1.8
Spellcasting   | |  2.6
Transmutations | |  1.0
Earth Magic    | |  3.6

Action                   || total
-------------------------++-------
Melee: Unarmed           ||    12
       Rapier            ||    22
       Tailslap          ||     3
 Cast: Sandblast         ||    39
  Use: Scroll            ||     3
Armor: Skin              ||    28
Dodge: Dodged            ||    47
